 Dungeon Crawl Stone Soup version 0.28-a0-969-g2dcde036d2 (webtiles) character file.

Game seed: 6088927740472087542

943 Decritt the Zephyrmancer (level 8, -8/48 HPs)
             Began as a Tengu Air Elementalist on Dec 1, 2021.
             Mangled by an ice beast (11 damage)
             ... on level 6 of the Dungeon.
             The game lasted 00:17:06 (6871 turns).

Decritt the Zephyrmancer (Tengu Air Elementalist)   Turns: 6871, Time: 00:17:07

Health: -8/48      AC:  4    Str:  8    XL:     8   Next: 12%
Magic:  5/14       EV: 15    Int: 23    God:
Gold:   297        SH:  0    Dex: 16    Spells: 5/13 levels left

rFire   . . .      SeeInvis .   h - +2 dagger (venom)
rCold   . . .      Faith    .   (no shield)
rNeg    + . .      Spirit   .   s - +1 leather armour {rN+}
rPois   .          Reflect  .   (helmet restricted)
rElec   .          Harm     .   (no cloak)
rCorr   .          Rampage  .   (no gloves)
Will    .....                   (boots unavailable)
Stlth   ++........              (no amulet)
HPRegen 0.16/turn               m - +6 ring of intelligence
MPRegen 0.14/turn               (no ring)

@: flying quickly and evasively, quick
A: beak, talons 3, nimble flight
a: no special abilities


You were on level 6 of the Dungeon.
You visited 1 branch of the dungeon, and saw 5 of its levels.

You collected 297 gold pieces.

Inventory:

Hand Weapons
 h - a +2 dagger of venom (weapon)
Missiles
 f - 7 poisoned darts (quivered)
Armour
 a - a +0 robe
 e - a +2 leather armour
 s - a +1 leather armour of positive energy (worn)
Jewellery
 m - a +6 ring of intelligence (left hand)
 o - an amulet of faith
Wands
 n - a wand of polymorph (4)
 q - a wand of flame (10)
Scrolls
 b - a scroll of enchant armour
 g - 2 scrolls of fear
 i - a scroll of holy word {unknown}
 j - a scroll of amnesia {unknown}
 k - a scroll of blinking {unknown}
 p - a scroll of summoning {unknown}
 r - a scroll of identify
Potions
 c - a potion of flight {unknown}
 d - 4 potions of mutation
 l - 2 potions of curing


   Skills:
 + Level 4.1 Fighting
 + Level 4.2 Dodging
 - Level 2.0 Stealth
 - Level 3.3 Spellcasting
 - Level 2.5 Conjurations
 * Level 9.1 Air Magic


You had 5 spell levels left.
You knew the following spells:

 Your Spells              Type           Power      Damage    Failure   Level
a - Shock                 Conj/Air       100%       1d9       1%          1
b - Airstrike             Air            22%        N/A       3%          4
c - Swiftness             Air            45%        N/A       1%          3

Your spell library contained the following spells:

 Spells                   Type           Power      Damage    Failure   Level
 Static Discharge         Conj/Air       30%        N/A       2%          2


Dungeon Overview and Level Annotations

Branches:
Dungeon (4/15)
 Temple: D:4-7

Altars:
Hepliaklqana

Shops:
D:1 =


Innate Abilities, Weirdness & Mutations

You have a beak for a mouth.
You have claws for feet.
Your magical nature lets you fly swiftly and evasively.


Message History

The zap hits the ice beast.
The ice beast is heavily wounded.
The ice beast barely misses you.
Casting: Shock (safe; 1% risk of failure)
Confirm with . or Enter, or press ? or * to list all spells.
Aiming: Shock (safe; 1% risk of failure)
Press: ? - help, Shift-Dir - straight line, f/p - ice beast
Aim: an ice beast (heavily wounded, 74% to hit)
The zap misses the ice beast.
The ice beast hits you but does no damage.
Casting: Shock (safe; 1% risk of failure)
Confirm with . or Enter, or press ? or * to list all spells.
Aiming: Shock (safe; 1% risk of failure)
Press: ? - help, Shift-Dir - straight line, f/p - ice beast
Aim: an ice beast (heavily wounded, 74% to hit)
The zap hits the ice beast.
The ice beast is severely wounded.
The ice beast closely misses you.
Casting: Shock (safe; 1% risk of failure)
Confirm with . or Enter, or press ? or * to list all spells.
Aiming: Shock (safe; 1% risk of failure)
Press: ? - help, Shift-Dir - straight line, f/p - ice beast
Aim: an ice beast (severely wounded, 74% to hit)
The zap hits the ice beast.
The ice beast is severely wounded.
The ice beast hits you.
* * * LOW HITPOINT WARNING * * *
The ice beast freezes you!
* * * LOW HITPOINT WARNING * * *
Casting: Shock (safe; 1% risk of failure)
Confirm with . or Enter, or press ? or * to list all spells.
Aiming: Shock (safe; 1% risk of failure)
Press: ? - help, Shift-Dir - straight line, f/p - ice beast
Aim: an ice beast (severely wounded, 74% to hit)
The zap hits the ice beast.
The ice beast is almost dead.
The ice beast hits you.
* * * LOW HITPOINT WARNING * * *
The ice beast freezes you!
You die...

... . ### #.. .#
#..##.####.# ......##...
# #....##.#
##..##..#...†### ## #
......<.#...)..###.#.#..
#Y...#............
#@.######......... #...#
##........... #..##
#............
....####............
.##..##..............
##.................
#..##..............
##.###..........##.
#....).....#


You could see an ice beast.

Vanquished Creatures
  Eustachio (D:4)
  A centaur (D:6)
  The ghost of hemabe71 the Charlatan, an amateur HuAr (D:3)
  A phantom (D:4)
  A bullfrog (D:6)
  2 water moccasin skeletons (D:4)
  A hound (D:4)
  An orc priest (D:4)
  An iguana (D:4)
  Natasha (thrice) (D:3)
  An orc wizard (D:3)
  A hound skeleton (D:4)
  7 gnolls
  A howler monkey skeleton (D:4)
  5 adders
  An ufetubus (D:3)
  An adder skeleton (D:4)
  A worm (D:3)
  6 dart slugs
  4 orcs
  5 ball pythons
  7 endoplasms
  A giant cockroach (D:3)
  7 goblins
  3 hobgoblins
  6 kobolds
  A quokka (D:2)
  3 bats (D:1)
  3 frilled lizards
  6 rats
83 creatures vanquished.

Vanquished Creatures (others)
  5 withered plants (D:2)
5 creatures vanquished.

Grand Total: 88 creatures vanquished

Notes
Turn   | Place    | Note
-------+----------+-------------------------------------------
     0 | D:1      | Decritt the Tengu Air Elementalist began the quest for the
                  | Orb.
     0 | D:1      | Reached XP level 1. HP: 10/10 MP: 4/4
   626 | D:1      | Reached XP level 2. HP: 16/16 MP: 4/6
   892 | D:1      | Found Jaepp's Jewellery Shoppe.
  1479 | D:2      | Reached skill level 1 in Fighting
  1479 | D:2      | Reached XP level 3. HP: 15/20 MP: 3/7
  1986 | D:2      | Found a faded altar of an unknown god.
  2036 | D:2      | Reached skill level 5 in Air Magic
  2081 | D:2      | Found a hazy altar of Hepliaklqana.
  2356 | D:2      | Reached XP level 4. HP: 25/25 MP: 8/8
  2881 | D:3      | Noticed hemabe71's ghost (amateur HuAr)
  3366 | D:3      | Gained mutation: Your magical nature lets you fly swiftly
                  | and evasively. [Tengu growth]
  3366 | D:3      | Reached XP level 5. HP: 30/30 MP: 9/9
  3850 | D:3      | Found a runed translucent door.
  3892 | D:3      | Killed hemabe71's ghost
  3893 | D:3      | Reached skill level 6 in Air Magic
  4029 | D:4      | Reached XP level 6. HP: 25/36 MP: 11/11
  4551 | D:3      | Learned a level 3 spell: Swiftness
  4556 | D:3      | Learned a level 4 spell: Airstrike
  4618 | D:4      | Reached skill level 7 in Air Magic
  4838 | D:4      | Noticed Natasha
  4859 | D:3      | Killed Natasha
  5137 | D:3      | Noticed Natasha
  5154 | D:3      | Killed Natasha
  5403 | D:3      | Noticed Natasha
  5420 | D:3      | Killed Natasha
  5421 | D:3      | Reached XP level 7. HP: 7/41 MP: 5/13
  6289 | D:4      | Reached skill level 8 in Air Magic
  6519 | D:4      | Noticed Eustachio
  6536 | D:4      | Killed Eustachio
  6751 | D:4      | You are sucked into a shaft and drop 2 floors!
  6775 | D:6      | Reached XP level 8. HP: 48/48 MP: 5/14
  6785 | D:6      | Reached skill level 9 in Air Magic
  6871 | D:6      | Mangled by an ice beast

Illustrated notes

Levels and vault maps discovered:
D:1:      elethiomel_arrival_quiet, layout_loops_ring, serial_shops, shop
D:2:      layout_loops_cross, ebering_ecumenical_altar_petrified, basic_altar
D:3:      layout_rooms, hellmonk_ghost_happy_afterlife
D:4:      layout_cave_pools, due_unseen_surprise, uniq_eustachio, uniq_natasha
D:6:      layout_cave_pools, roderic_batcave, minmay_misc_feat_plants,
          lightli_orcish_oven

Skill      XL: |  1  2  3  4  5  6  7  8 |
---------------+-------------------------+-----
Conjurations   | 2 |  2.5
Fighting       | 1 2 3 4 |  4.1
Air Magic      | 5 6 7 8 9 |  9.1
Spellcasting   | 3 |  3.3
Dodging        | 4 |  4.2
Stealth        | |  2.0

Action                   |  1- 3 |  4- 6 |  7- 9 || total
-------------------------+-------+-------+-------++-------
Melee: Unarmed           |     4 |       |       ||     4
       Short sword       |     3 |       |       ||     3
       Peck              |     4 |     4 |     8 ||    16
       Dagger            |    23 |    55 |    44 ||   122
       Kick              |     1 |    14 |    13 ||    28
Throw: Dart              |     9 |    85 |    31 ||   125
 Cast: Shock             |    44 |    39 |    47 ||   130
       Airstrike         |       |       |     3 ||     3
  Use: Scroll            |       |     7 |       ||     7
Armor: Robe              |     9 |       |       ||     9
       Leather armour    |     3 |    10 |    17 ||    30
Dodge: Dodged            |    15 |    48 |    65 ||   128

Table legend: (Time is in decaauts)
 A = Elapsed time spent in this place.
 B = Non-inter-level travel time spent in this place.
 C = Inter-level travel time spent in this place.
 D = Time resting spent in this place.
 E = Time spent auto-exploring this place.
 F = Levels seen in this place.
 G = Mean time per level.
                   A        B        C        D        E       F      G
               +--------+--------+--------+--------+--------+-----+--------+
         Total |   6775 |   6665 |    110 |   3358 |   2268 |   5 | 1355.0 |
       Dungeon |   6775 |   6665 |    110 |   3358 |   2268 |   5 | 1355.0 |
               +--------+--------+--------+--------+--------+-----+--------+

Top non-repeatable levels by time:
     D:3: 2648 daAuts
     D:2: 1799 daAuts
     D:1: 1278 daAuts
     D:4: 932 daAuts
     D:6: 117 daAuts
